[ AOE2 MATCH · #473884531 ]
UnrankedSpanish vs Bengalis
Player's team · WIN
Rival team · LOSS
[ REPLAY ANALYSIS · EXTRACTED FROM THE RECORDED GAME ]
Feudal
10:56
Castle
14:26
Imperial
37:10
| APM avg | 27.4 |
| APM peak | 56 |
| eAPM avg | 17.0 |
| Villagers / military | 163 / 324 |
Focus
⚔️ 36.1% · 🌾 63.9%
Spearman ×197 · Skirmisher ×79 · Conquistador ×17 · Bombard Cannon ×12 · Hand Cannoneer ×10 · Missionary ×6
Feudal
10:30
Castle
14:26
Imperial
32:48
| APM avg | 41.4 |
| APM peak | 84 |
| eAPM avg | 25.0 |
| Villagers / military | 143 / 227 |
Focus
⚔️ 28.2% · 🌾 71.8%
Ratha (Ranged) ×96 · Scout Cavalry ×57 · Elephant Archer ×43 · Monk ×20 · Armored Elephant ×5 · Trebuchet (Packed) ×3
Match map
Initial resources + every placement click. Lines = walls · curves = elevation contours. ◆ gold · ⬟ stone · ● berries · ✦ relic · ◌ wall gap
Your base· ✓ Closed at 14:26 · 0t walls · 2 gate(s)
nprhino_aoe's base· ✓ Closed at 14:26 · 0t walls · 2 gate(s)
Smoothed initial terrain · ◌ = detected wall gap · hover for details
Inputs per minute
— kaikai522712 - - nprhino_aoe
Build order — kaikai522712
First 150 of 454 actions detected
| 0:05 | Create | Villager (Male) |
| 0:05 | Create | Villager (Male) |
| 0:05 | Create | Villager (Male) |
| 0:07 | Build | House |
| 0:08 | Build | House |
| 0:09 | Create | Villager (Male) |
| 0:10 | Create | Villager (Male) |
| 1:35 | Create | Villager (Male) |
| 1:53 | Build | Lumber Camp |
| 2:13 | Create | Villager (Male) |
| 2:41 | Create | Villager (Male) |
| 2:41 | Create | Villager (Male) |
| 3:22 | Create | Villager (Male) |
| 3:22 | Create | Villager (Male) |
| 3:56 | Create | Villager (Male) |
| 4:08 | Build | House |
| 4:09 | Build | House |
| 4:28 | Build | Mill |
| 4:36 | Build | House |
| 4:52 | Create | Villager (Male) |
| 5:15 | Create | Villager (Male) |
| 5:37 | Create | Villager (Male) |
| 5:39 | Build | Mill |
| 6:16 | Create | Villager (Male) |
| 6:16 | Create | Villager (Male) |
| 6:16 | Create | Villager (Male) |
| 7:27 | Create | Villager (Male) |
| 7:40 | Create | Villager (Male) |
| 7:55 | Create | Villager (Male) |
| 8:00 | Build | Mining Camp |
| 8:35 | Research | Feudal Age |
| 9:33 | Build | Mining Camp |
| 10:39 | Create | Villager (Male) |
| 10:40 | Research | Loom |
| 10:56 | Age | Feudal Age |
| 10:58 | Build | Market |
| 11:04 | Build | Blacksmith |
| 11:44 | Research | Castle Age |
| 11:52 | Build | Farm |
| 12:11 | Build | Farm |
| 12:14 | Build | Farm |
| 14:01 | Create | Villager (Male) |
| 14:02 | Research | Double-Bit Axe |
| 14:26 | Age | Castle Age |
| 14:29 | Create | Villager (Male) |
| 14:37 | Build | Castle |
| 14:53 | Create | Villager (Male) |
| 15:32 | Create | Villager (Male) |
| 15:34 | Build | Farm |
| 15:39 | Build | Farm |
| 15:43 | Create | Conquistador |
| 16:03 | Create | Conquistador |
| 16:27 | Create | Conquistador |
| 16:33 | Create | Villager (Male) |
| 16:33 | Create | Villager (Male) |
| 16:38 | Build | Farm |
| 17:05 | Create | Conquistador |
| 17:12 | Build | Farm |
| 17:20 | Build | Farm |
| 17:23 | Create | Villager (Male) |
| 17:55 | Build | Farm |
| 17:56 | Create | Villager (Male) |
| 18:00 | Build | Farm |
| 18:10 | Create | Villager (Male) |
| 18:43 | Create | Conquistador |
| 19:08 | Create | Conquistador |
| 19:13 | Build | Farm |
| 19:15 | Create | Villager (Male) |
| 19:15 | Create | Villager (Male) |
| 19:27 | Build | Siege Workshop |
| 20:07 | Create | Villager (Male) |
| 20:07 | Create | Villager (Male) |
| 20:10 | Create | Conquistador |
| 20:15 | Create | Battering Ram |
| 20:40 | Create | Villager (Male) |
| 20:43 | Build | Farm |
| 21:42 | Create | Villager (Male) |
| 21:54 | Create | Mangonel |
| 22:08 | Create | Villager (Male) |
| 22:18 | Build | Castle |
| 22:34 | Create | Conquistador |
| 22:35 | Create | Villager (Male) |
| 22:37 | Create | Villager (Male) |
| 23:08 | Research | Padded Archer Armor |
| 23:14 | Create | Villager (Male) |
| 23:19 | Build | House |
| 23:20 | Build | House |
| 23:21 | Build | House |
| 23:22 | Build | House |
| 23:27 | Build | Town Center |
| 24:22 | Create | Conquistador |
| 24:30 | Create | Conquistador |
| 24:31 | Create | Villager (Male) |
| 24:39 | Build | House |
| 24:40 | Build | House |
| 24:40 | Build | House |
| 24:41 | Build | House |
| 24:45 | Build | Farm |
| 24:48 | Research | Horse Collar |
| 24:50 | Create | Villager (Male) |
| 25:01 | Build | Mining Camp |
| 25:54 | Create | Villager (Male) |
| 25:55 | Create | Villager (Male) |
| 26:12 | Build | Town Center |
| 26:19 | Create | Conquistador |
| 26:41 | Build | Monastery |
| 26:45 | Create | Villager (Male) |
| 26:56 | Build | Monastery |
| 27:05 | Create | Villager (Male) |
| 27:12 | Create | Conquistador |
| 27:28 | Create | Mangonel |
| 27:38 | Create | Villager (Male) |
| 27:38 | Create | Villager (Male) |
| 27:38 | Create | Villager (Male) |
| 27:40 | Create | Villager (Male) |
| 27:40 | Create | Villager (Male) |
| 27:40 | Create | Villager (Male) |
| 28:07 | Create | Missionary |
| 28:22 | Research | Fervor |
| 28:23 | Create | Villager (Male) |
| 28:23 | Create | Villager (Male) |
| 28:23 | Create | Villager (Male) |
| 28:26 | Build | Farm |
| 28:39 | Build | Farm |
| 28:39 | Build | Farm |
| 28:40 | Build | Farm |
| 28:40 | Build | Farm |
| 28:40 | Build | Farm |
| 28:40 | Build | Farm |
| 28:41 | Build | Farm |
| 28:41 | Build | Farm |
| 28:55 | Research | Heavy Plow |
| 28:55 | Research | Heavy Plow |
| 28:59 | Create | Villager (Male) ×4 |
| 29:12 | Create | Conquistador |
| 29:12 | Create | Conquistador |
| 29:22 | Create | Villager (Male) |
| 29:31 | Build | Farm |
| 29:31 | Build | Farm |
| 29:31 | Build | Farm |
| 29:32 | Build | Farm |
| 29:34 | Create | Villager (Male) |
| 29:42 | Build | House |
| 29:43 | Build | House |
| 29:44 | Build | House |
| 29:46 | Build | House |
| 29:47 | Build | House |
| 29:48 | Build | House |
| 29:48 | Build | House |
| 30:02 | Create | Conquistador |
Build order — nprhino_aoe
First 150 of 525 actions detected
| 0:00 | Create | Villager (Male) |
| 0:01 | Create | Villager (Male) |
| 0:01 | Create | Villager (Male) |
| 0:02 | Build | House |
| 0:03 | Build | House |
| 0:04 | Create | Villager (Male) |
| 1:14 | Create | Villager (Male) |
| 1:43 | Build | Lumber Camp |
| 1:48 | Create | Villager (Male) |
| 2:23 | Create | Villager (Male) |
| 2:44 | Create | Villager (Male) |
| 3:07 | Create | Villager (Male) |
| 3:25 | Build | House |
| 3:28 | Build | House |
| 3:29 | Build | House |
| 3:38 | Create | Villager (Male) |
| 3:53 | Create | Villager (Male) |
| 4:16 | Create | Villager (Male) |
| 4:46 | Create | Villager (Male) |
| 5:03 | Build | Mill |
| 5:11 | Create | Villager (Male) |
| 5:13 | Create | Villager (Male) |
| 5:35 | Create | Villager (Male) |
| 5:36 | Create | Villager (Male) |
| 5:58 | Build | Mill |
| 6:33 | Create | Villager (Male) |
| 7:02 | Create | Villager (Male) |
| 7:03 | Create | Villager (Male) |
| 7:34 | Build | Mining Camp |
| 8:08 | Build | Farm |
| 8:19 | Research | Feudal Age |
| 8:57 | Build | Farm |
| 9:48 | Create | Villager (Male) |
| 9:48 | Create | Villager (Male) |
| 10:30 | Age | Feudal Age |
| 10:33 | Build | Blacksmith |
| 10:35 | Build | Market |
| 11:46 | Research | Castle Age |
| 12:07 | Research | Double-Bit Axe |
| 12:45 | Build | Farm |
| 12:50 | Build | Farm |
| 14:18 | Create | Villager (Male) |
| 14:22 | Build | House |
| 14:26 | Age | Castle Age |
| 14:28 | Build | Castle |
| 14:32 | Research | Fletching |
| 14:51 | Create | Villager (Male) |
| 15:15 | Create | Villager (Male) |
| 15:22 | Build | Mining Camp |
| 15:37 | Create | Villager (Male) |
| 15:52 | Build | Siege Workshop |
| 15:55 | Create | Villager (Male) |
| 16:20 | Create | Ratha (Ranged) |
| 16:26 | Create | Villager (Male) |
| 16:40 | Create | Villager (Male) |
| 16:45 | Build | Town Center |
| 16:53 | Create | Armored Elephant |
| 16:55 | Create | Villager (Male) |
| 17:11 | Build | Farm |
| 17:15 | Build | Farm |
| 17:20 | Research | Horse Collar |
| 17:42 | Create | Villager (Male) |
| 18:04 | Create | Villager (Male) |
| 18:16 | Create | Armored Elephant |
| 18:36 | Build | Farm |
| 18:38 | Build | Farm |
| 18:49 | Create | Villager (Male) |
| 18:54 | Research | Loom |
| 19:23 | Create | Armored Elephant |
| 19:27 | Create | Ratha (Ranged) |
| 19:27 | Create | Ratha (Ranged) |
| 19:27 | Create | Ratha (Ranged) |
| 19:56 | Create | Villager (Male) |
| 20:24 | Build | Monastery |
| 20:25 | Create | Villager (Male) |
| 20:35 | Create | Villager (Male) |
| 20:47 | Research | Bodkin Arrow |
| 21:02 | Create | Monk |
| 21:05 | Create | Villager (Male) |
| 21:39 | Create | Armored Elephant |
| 21:53 | Create | Villager (Male) |
| 22:02 | Create | Villager (Male) |
| 22:05 | Create | Ratha (Ranged) |
| 22:07 | Create | Villager (Male) |
| 22:10 | Create | Ratha (Ranged) |
| 22:11 | Create | Villager (Male) |
| 22:35 | Create | Villager (Male) |
| 23:07 | Create | Villager (Male) |
| 23:15 | Build | Monastery |
| 23:16 | Create | Villager (Male) |
| 23:22 | Create | Ratha (Ranged) |
| 23:22 | Create | Ratha (Ranged) |
| 23:24 | Create | Villager (Male) |
| 23:29 | Create | Monk |
| 23:34 | Create | Villager (Male) |
| 23:36 | Build | House |
| 23:37 | Create | Monk |
| 23:39 | Create | Villager (Male) |
| 23:58 | Create | Villager (Male) |
| 24:23 | Create | Villager (Male) |
| 24:40 | Build | House |
| 24:41 | Build | House |
| 24:53 | Build | Castle |
| 25:00 | Create | Ratha (Ranged) |
| 25:00 | Create | Ratha (Ranged) |
| 25:02 | Research | Padded Archer Armor |
| 25:02 | Research | Padded Archer Armor |
| 25:13 | Research | Sanctity |
| 25:24 | Create | Villager (Male) |
| 26:02 | Create | Villager (Male) |
| 26:07 | Create | Armored Elephant |
| 26:27 | Create | Villager (Male) |
| 26:33 | Build | Farm |
| 26:33 | Build | Farm |
| 26:33 | Build | Farm |
| 26:33 | Build | Farm |
| 26:34 | Build | Farm |
| 26:34 | Build | Farm |
| 26:34 | Build | Farm |
| 26:34 | Build | Farm |
| 26:35 | Build | Farm |
| 26:35 | Build | Farm |
| 26:36 | Build | Farm |
| 26:36 | Build | Farm |
| 26:36 | Build | Farm |
| 26:37 | Build | Farm |
| 26:53 | Create | Villager (Male) |
| 26:59 | Build | Mining Camp |
| 27:16 | Create | Villager (Male) |
| 27:36 | Build | Farm |
| 27:36 | Build | Farm |
| 27:36 | Build | Farm |
| 27:52 | Research | Gold Mining |
| 28:27 | Create | Mangonel |
| 28:56 | Build | Farm |
| 29:38 | Research | Imperial Age |
| 30:02 | Build | Stone Wall |
| 30:11 | Build | Stone Wall |
| 30:31 | Build | Stone Wall |
| 30:40 | Create | Ratha (Ranged) |
| 30:41 | Create | Ratha (Ranged) |
| 30:42 | Research | Leather Archer Armor |
| 30:44 | Create | Ratha (Ranged) |
| 30:45 | Create | Ratha (Ranged) |
| 30:54 | Build | University |
| 31:02 | Create | Monk |
| 31:12 | Create | Monk |
| 31:54 | Research | Ballistics |
| 32:15 | Create | Monk |
| 32:48 | Age | Imperial Age |
Match timeline
| 10:30 | nprhino_aoe · age_up feudal |
| 10:56 | kaikai522712 · age_up feudal |
| 11:33 | nprhino_aoe · first_market_sell 100 stone |
| 14:26 | nprhino_aoe · age_up castle |
| 14:26 | kaikai522712 · age_up castle |
| 14:28 | nprhino_aoe · first_building Castle |
| 14:37 | kaikai522712 · first_building Castle |
| 15:52 | nprhino_aoe · first_building Siege Workshop |
| 16:32 | kaikai522712 · first_market_buy 100 food |
| 17:39 | nprhino_aoe · first_market_buy 100 food |
| 19:27 | kaikai522712 · first_building Siege Workshop |
| 20:24 | nprhino_aoe · first_building Monastery |
| 21:46 | kaikai522712 · first_market_sell 100 wood |
| 26:41 | kaikai522712 · first_building Monastery |
| 30:02 | nprhino_aoe · wall_segment Stone Wall x5 |
| 30:11 | nprhino_aoe · wall_segment Stone Wall x2 |
| 30:31 | nprhino_aoe · wall_segment Stone Wall x5 |
| 32:48 | nprhino_aoe · age_up imperial |
| 34:27 | kaikai522712 · first_building Barracks |
| 37:10 | kaikai522712 · age_up imperial |
| 37:55 | kaikai522712 · first_building Archery Range |
| 40:17 | nprhino_aoe · first_building Barracks |
| 41:53 | nprhino_aoe · first_building Stable |
| 47:58 | nprhino_aoe · first_building Archery Range |
| 53:56 | kaikai522712 · first_building Stable |
| 57:39 | nprhino_aoe · resign |
[ AI ANALYSIS · 1 CREDIT ]
What really happened in this match?
Wolo.gg analyzes every decision: build order, eco, micro, common mistakes by bracket. Personalized analysis on WhatsApp or Discord in 30 seconds.
Civ guide
Spanish
Perfil
Jugador #9324670